[Event "Titled Tuesday Blitz June 6 Early 2023"]
[White "Shuvalova, Polina"]
[Black "i_like_explosions"]
[WhiteFideId "24171760"]
[WhiteElo "2281"]
[BlackElo "2462"]
[Result "1-0"]
[Round "4"]
[TimeControl "180+2"]
[Date "2023.06.06"]
[WhiteClock "0:01:32"]
[BlackClock "0:00:34"]
[Board "97"]

1. Nf3 Nf6 2. g3 g6 3. Bg2 Bg7 4. O-O O-O 5. d4 d6 6. c4 c5 7. Nc3 Nc6 8. d5 Na5 9. Nd2 a6 10. a4 Rb8 11. e4 e5 12. b3 Bd7 13. Re1 b6 14. Nf3 Ne8 15. Bd2 h6 16. Qc2 f5 17. Nh4 Qf6 18. exf5 gxf5 19. Bh3 Nc7 20. Re3 e4 21. Rae1 Rbd8 22. Ng2 Be8 23. Ne2 Bf7 24. Bc3 Qg6 25. Nef4 Qh7 26. Bxg7 Kxg7 27. Nh4 Bg6 28. Nhxg6 Rf6 29. Qc3 Kf7 30. Nh4 Ne8 31. Nh5 1-0


[Site "https://www.chess.com"]

[Event "Titled Tuesday Blitz June 6 Early 2023"]
[White "Gil Alba, Hector Luis"]
[Black "Gomez Ledo, Roberto Carlos"]
[WhiteFideId "3504670"]
[BlackFideId "3507076"]
[WhiteElo "2331"]
[BlackElo "2378"]
[Result "0-1"]
[Round "4"]
[TimeControl "180+2"]
[Date "2023.06.06"]
[WhiteClock "0:00:01"]
[BlackClock "0:00:04"]
[Board "98"]

1. e4 e5 2. Nf3 Nc6 3. Bb5 a6 4. Ba4 Nf6 5. d3 d6 6. c4 g6 7. O-O Bg7 8. Nc3 O-O 9. Bxc6 bxc6 10. d4 exd4 11. Nxd4 Bb7 12. f3 Nh5 13. Be3 Rb8 14. b3 Qh4 15. Qe1 Qe7 16. Rd1 Rbe8 17. Qd2 f5 18. Rfe1 f4 19. Bf2 Be5 20. Nde2 c5 21. Nd5 Qg7 22. a3 g5 23. h3 Nf6 24. b4 Nxd5 25. exd5 cxb4 26. axb4 h5 27. Nd4 g4 28. hxg4 hxg4 29. fxg4 Qxg4 30. Nf3 Rf6 31. Bd4 Rf5 32. Qd3 Rh5 33. Re2 Bc8 34. Rde1 Qg3 35. Bxe5 dxe5 36. Rxe5 Rhxe5 37. Rxe5 Rxe5 38. Nxe5 Qe1+ 39. Kh2 Qxe5 40. Qg6+ Kf8 41. Qh6+ Ke7 42. Qh7+ Kd8 43. Qg8+ Qe8 44. Qg5+ Qe7 45. Qxf4 Qxb4 46. Qf6+ Qe7 47. Qh8+ Qe8 48. Qf6+ Qe7 49. Qh8+ Kd7 50. Qh3+ Kd6 51. Qxc8 Qh4+ 52. Kg1 Qd4+ 53. Kh2 Qxc4 54. Qe6+ Kc5 55. Qc6+ Kd4 56. Qf6+ Kxd5 57. Qf7+ Kd4 58. Qf4+ Kc3 59. Qe3+ Kb4 60. Qe7+ Kb5 61. Qe5+ c5 62. Qb8+ Ka4 63. Qe8+ Kb3 64. Qe3+ Kb4 65. Qd2+ Qc3 66. Qf4+ c4 67. Qd6+ Kb3 68. Qxa6 Qe5+ 69. Kh3 c3 70. Qb6+ Kc2 71. Qf2+ Kb3 72. Qb6+ Kc4 73. Qc6+ Kd3 74. Qa6+ Kd2 75. Qa2+ c2 0-1


[Site "https://www.chess.com"]

[Event "Titled Tuesday Blitz June 6 Early 2023"]
[White "Orlov, Georgi"]
[Black "Garcia Cuenca, Victor"]
[WhiteFideId "2011271"]
[BlackFideId "2250829"]
[WhiteElo "2639"]
[BlackElo "2329"]
[Result "1-0"]
[Round "4"]
[TimeControl "180+2"]
[Date "2023.06.06"]
[WhiteClock "0:00:22"]
[BlackClock "0:00:07"]
[Board "99"]

1. d4 Nf6 2. Nf3 c5 3. c4 cxd4 4. Nxd4 g6 5. Nc3 Bg7 6. e4 d6 7. Be2 O-O 8. O-O Nc6 9. Be3 Nxd4 10. Bxd4 Be6 11. f3 Rc8 12. b3 a6 13. Qd2 Qa5 14. Rfd1 Rfe8 15. Na4 Qxd2 16. Rxd2 Nd7 17. Bxg7 Kxg7 18. Rad1 Rc6 19. Kf2 f5 20. exf5 gxf5 21. f4 Nc5 22. Nc3 Kf6 23. Bf3 Rc7 24. Re2 Bf7 25. Re3 Rec8 26. Rde1 e5 27. fxe5+ dxe5 28. Bd5 e4 29. Kg1 Bg6 30. Rf1 h5 31. Ne2 b5 32. Nf4 h4 33. b4 Nd7 34. c5 Ne5 35. Ne6 Rd7 36. Nf4 Kg5 37. Be6 Rcd8 38. Bxd7 Rxd7 39. Nxg6 Kxg6 40. g3 hxg3 41. Rxg3+ Kf6 42. Rf4 Rd1+ 43. Kg2 Rd2+ 44. Kh3 Nf3 45. Rgxf3 exf3 46. Rxf3 Rxa2 47. Rc3 Rd2 48. c6 Rd8 49. c7 Rc8 50. Kg3 Ke7 51. Kf4 Kd7 52. h4 Rxc7 53. Rxc7+ Kxc7 54. h5 a5 55. h6 a4 56. h7 1-0


[Site "https://www.chess.com"]

[Event "Titled Tuesday Blitz June 6 Early 2023"]
[White "Mendez Fortes, Eduardo Jesus"]
[Black "Shapiro, Viktor"]
[WhiteFideId "3502376"]
[BlackFideId "4175700"]
[WhiteElo "2307"]
[BlackElo "2212"]
[Result "0-1"]
[Round "4"]
[TimeControl "180+2"]
[Date "2023.06.06"]
[WhiteClock "0:01:07"]
[BlackClock "0:01:23"]
[Board "100"]

1. e4 Nf6 2. e5 Nd5 3. d4 d6 4. Nf3 Bg4 5. Be2 e6 6. c4 Nb6 7. h3 Bh5 8. exd6 cxd6 9. Nc3 Be7 10. g4 Bg6 11. h4 h5 12. Ng5 hxg4 13. a4 a5 14. Be3 Nc6 15. d5 Nb4 16. dxe6 Bxg5 17. Bxg5 Qxg5 18. hxg5 Rxh1+ 19. Bf1 Bd3 20. Ne2 Nxc4 21. Ng3 Nc2+ 22. Qxc2 Rxf1+ 23. Nxf1 Bxc2 24. Rc1 Bd3 25. exf7+ Kxf7 26. Ng3 Rc8 27. b3 Nb6 28. Rd1 Rc3 29. Kd2 Rxb3 30. Rc1 Nc4+ 0-1


[Site "https://www.chess.com"]

[Event "Titled Tuesday Blitz June 6 Early 2023"]
[White "Principe, Gerson"]
[Black "Ansh M Shah"]
[WhiteFideId "3804550"]
[BlackFideId "25033379"]
[WhiteElo "2229"]
[BlackElo "2084"]
[Result "0-1"]
[Round "4"]
[TimeControl "180+2"]
[Date "2023.06.06"]
[WhiteClock "0:00:02"]
[BlackClock "0:00:11"]
[Board "101"]

1. Nf3 c6 2. e4 d5 3. Nc3 Bg4 4. h3 Bxf3 5. Qxf3 e6 6. d3 Nd7 7. Bd2 Qb6 8. O-O-O d4 9. Ne2 a5 10. Qg3 a4 11. f4 c5 12. Qe1 Ne7 13. g4 Nc6 14. a3 g5 15. Bg2 gxf4 16. Nxf4 Nde5 17. Rf1 c4 18. c3 Qb3 19. Qe2 Bh6 20. Kb1 O-O-O 21. Be1 Bxf4 22. Rxf4 cxd3 23. Rxd3 Nxd3 24. Qxd3 dxc3 25. Qc2 Rd1+ 0-1


[Site "https://www.chess.com"]

[Event "Titled Tuesday Blitz June 6 Early 2023"]
[White "Aloma Vidal, Robert"]
[Black "Lima, Kleyton Alcantara"]
[WhiteFideId "2260409"]
[BlackFideId "22718397"]
[WhiteElo "2435"]
[BlackElo "2009"]
[Result "0-1"]
[Round "4"]
[TimeControl "180+2"]
[Date "2023.06.06"]
[WhiteClock "0:00:01"]
[BlackClock "0:00:45"]
[Board "102"]

1. e4 c5 2. c3 Nf6 3. e5 Nd5 4. Nf3 e6 5. Bc4 d6 6. d4 cxd4 7. cxd4 Be7 8. O-O Nc6 9. a3 O-O 10. Bd3 Bd7 11. Qc2 Rc8 12. Bxh7+ Kh8 13. Nc3 g6 14. Bxg6 fxg6 15. Qxg6 Qe8 16. Qh6+ Kg8 17. Re1 Qf7 18. Nxd5 exd5 19. e6 Bxe6 20. Rxe6 Bf6 21. Ng5 Qg7 22. Qxg7+ Bxg7 23. Rxd6 Nxd4 24. Be3 Nc2 25. Rf1 Nxe3 26. fxe3 Rxf1+ 27. Kxf1 Bxb2 28. Rxd5 Bxa3 29. Rd7 Rb8 30. Ke2 Bc5 31. Kd3 b5 32. Ne6 Bb6 33. e4 b4 34. Kc4 a5 35. Kb3 Be3 36. Rd3 Ba7 37. Nc7 Rc8 38. Nb5 Bb6 39. Nd6 Rc1 40. Nc4 Bc7 41. Rd7 Rc3+ 42. Ka4 Rxc4 43. e5 Rc3 44. e6 Kf8 45. h4 Ra3+ 46. Kb5 b3 47. Kc6 b2 48. Rf7+ Ke8 0-1


[Site "https://www.chess.com"]

[Event "Titled Tuesday Blitz June 6 Early 2023"]
[White "Fernandez Garcia, Gumersindo"]
[Black "Gavrilov, Maxim"]
[WhiteFideId "24516740"]
[BlackFideId "24271454"]
[WhiteElo "2093"]
[BlackElo "1969"]
[Result "0-1"]
[Round "4"]
[TimeControl "180+2"]
[Date "2023.06.06"]
[WhiteClock "0:00:15"]
[BlackClock "0:01:12"]
[Board "103"]

1. e4 c5 2. a3 g6 3. Nc3 Bg7 4. f4 Nc6 5. Nf3 e6 6. Bc4 Nge7 7. d3 O-O 8. O-O a6 9. Be3 b5 10. Ba2 d6 11. Qd2 Bb7 12. Kh1 Nd4 13. Ne1 Qd7 14. Nd1 f5 15. c3 Ndc6 16. Nf2 fxe4 17. dxe4 c4 18. Nf3 d5 19. Rad1 Rad8 20. Bb1 Qc7 21. e5 Nf5 22. Nd4 Ncxd4 23. Bxd4 Qe7 24. Nh3 Qh4 25. Qf2 Qxf2 26. Rxf2 Nxd4 27. cxd4 Bh6 28. Rdf1 a5 29. g4 b4 30. axb4 axb4 31. f5 Be3 32. Rf3 Bxd4 33. fxg6 Rxf3 34. gxh7+ Kg7 35. Rxf3 Bxe5 36. Kg1 d4 37. Rf1 d3 38. Ng5 Bd4+ 39. Rf2 Bd5 40. h8=Q+ Rxh8 0-1


[Site "https://www.chess.com"]

[Event "Titled Tuesday Blitz June 6 Early 2023"]
[White "Czerw, Dawid"]
[Black "Topalov, Aleksandar"]
[WhiteFideId "1145746"]
[BlackFideId "925659"]
[WhiteElo "2144"]
[BlackElo "2151"]
[Result "0-1"]
[Round "4"]
[TimeControl "180+2"]
[Date "2023.06.06"]
[WhiteClock "0:00:03"]
[BlackClock "0:00:12"]
[Board "104"]

1. e4 e6 2. d4 d5 3. Nc3 Bb4 4. e5 Qd7 5. Qg4 Bf8 6. Nce2 b6 7. h4 h5 8. Qf4 Ba6 9. Nf3 c5 10. c3 Nc6 11. Ng5 Nh6 12. Ng3 Bxf1 13. Rxf1 cxd4 14. cxd4 Nb4 15. Kd1 Qb5 16. Qf3 Rc8 17. Qb3 Nf5 18. Re1 Nxd4 19. Qe3 Nbc2 20. Qf4 Rc7 21. Rb1 Nxe1 22. Qxd4 Qd3+ 23. Qxd3 Nxd3 24. Be3 Bc5 25. Kd2 Nxf2 26. Bxf2 Bxf2 27. Ne2 Bxh4 28. Nf3 Be7 29. a4 Kd7 30. Ned4 a6 31. b4 Rhc8 32. b5 a5 33. Nc6 Rxc6 34. bxc6+ Rxc6 35. Nd4 Rc4 36. Kd3 Rb4 37. Rf1 f6 38. exf6 Bxf6 39. Nc2 Rxa4 40. Rh1 Rg4 41. Rxh5 Rg3+ 42. Kd2 Rxg2+ 43. Kd3 Rg3+ 44. Kd2 b5 45. Rh8 b4 46. Ra8 b3 0-1


[Site "https://www.chess.com"]

[Event "Titled Tuesday Blitz June 6 Early 2023"]
[White "LeoLV10"]
[Black "Shohat, Yotam"]
[BlackFideId "2813955"]
[WhiteElo "2412"]
[BlackElo "2226"]
[Result "1-0"]
[Round "4"]
[TimeControl "180+2"]
[Date "2023.06.06"]
[WhiteClock "0:00:18"]
[BlackClock "0:00:30"]
[Board "105"]

1. e4 e5 2. Nf3 Nc6 3. Bb5 a6 4. Ba4 Nf6 5. O-O Nxe4 6. Re1 Nc5 7. Nxe5 Be7 8. Bxc6 dxc6 9. d4 Ne6 10. c3 O-O 11. Nd2 f6 12. Nd3 Bd6 13. Nf3 c5 14. Qb3 Kh8 15. Rxe6 Bxe6 16. Qxe6 Re8 17. Qb3 cxd4 18. cxd4 b6 19. Be3 Qd7 20. Rd1 a5 21. Qc2 Qf5 22. Nde1 Qh5 23. Qd3 g5 24. Qf5 Qf7 25. Nxg5 Qg7 26. Ngf3 Rg8 27. g3 Rae8 28. Ng2 Qf7 29. d5 b5 30. Bd4 Rg6 31. Ngh4 Rh6 32. Ng2 Kg8 33. Ne3 Rh5 34. Qxf6 Qxf6 35. Bxf6 Rf8 36. Ng4 a4 37. Nh4 b4 38. Bd4 Be7 39. Ng2 h6 40. Be3 Kh7 41. Nxh6 b3 42. axb3 axb3 43. Ng4 Ra8 44. Nf4 Rf5 45. Rd3 Rb8 46. Bd4 Rxd5 47. Nxd5 1-0


[Site "https://www.chess.com"]

[Event "Titled Tuesday Blitz June 6 Early 2023"]
[White "Koridze, Lile"]
[Black "Malyi, Viacheslav"]
[WhiteFideId "13612514"]
[BlackFideId "14123983"]
[WhiteElo "2047"]
[BlackElo "2291"]
[Result "1-0"]
[Round "4"]
[TimeControl "180+2"]
[Date "2023.06.06"]
[WhiteClock "0:00:18"]
[BlackClock "0:00:32"]
[Board "106"]

1. d4 Nf6 2. c4 g6 3. Nc3 Bg7 4. e4 O-O 5. Nf3 d6 6. Be2 e5 7. d5 Na6 8. Bg5 h6 9. Bh4 Nc5 10. b4 Na6 11. a3 g5 12. Bg3 c5 13. dxc6 bxc6 14. O-O c5 15. Qa4 Qb6 16. Rab1 cxb4 17. axb4 Bd7 18. Qa3 Rab8 19. c5 dxc5 20. Qxa6 cxb4 21. Nd5 Qxa6 22. Bxa6 Nxe4 23. Bxe5 b3 24. Bxb8 Rxb8 25. Rfe1 f5 26. Bc4 Kh7 27. Rxb3 Rc8 28. Ba6 Rc2 29. Rb7 Bc6 30. Rc7 Nxf2 31. Ree7 Kg6 32. Rxg7+ Kh5 33. Nf6# 1-0


[Site "https://www.chess.com"]

[Event "Titled Tuesday Blitz June 6 Early 2023"]
[White "MKlose11"]
[Black "Lopez Idarraga, Daniel Eduardo"]
[BlackFideId "4405501"]
[WhiteElo "2556"]
[BlackElo "1980"]
[Result "0-1"]
[Round "4"]
[TimeControl "180+2"]
[Date "2023.06.06"]
[WhiteClock "0:00:14"]
[BlackClock "0:00:46"]
[Board "107"]

1. e4 c5 2. Nc3 Nc6 3. g3 e6 4. Bg2 Nf6 5. d3 Be7 6. h3 O-O 7. f4 d5 8. e5 Nd7 9. Nf3 f6 10. exf6 Nxf6 11. O-O Rb8 12. Re1 b5 13. Bd2 b4 14. Ne2 a5 15. Rf1 a4 16. Be1 Bd7 17. Bf2 Qc7 18. Qd2 e5 19. fxe5 Nxe5 20. Nxe5 Qxe5 21. d4 Ne4 22. dxe5 Nxd2 23. Bxd5+ Kh8 24. Rfd1 Bg5 25. Nf4 Rxf4 26. gxf4 Bxf4 27. e6 Bb5 28. Kg2 Rd8 29. Bg3 Bg5 30. Bb7 Re8 31. h4 Bh6 32. Re1 Nc4 33. Re4 Ne3+ 34. Kf2 Nxc2 35. Rd1 Be3+ 36. Rxe3 Nxe3 37. Kxe3 Rxe6+ 38. Be4 Re8 39. Bc7 Bc6 40. Rd8 Rxd8 41. Bxd8 Bxe4 42. Kxe4 c4 43. Kd4 c3 44. bxc3 b3 45. axb3 a3 0-1


[Site "https://www.chess.com"]

[Event "Titled Tuesday Blitz June 6 Early 2023"]
[White "zsizsi99"]
[Black "Omelja, Artem"]
[BlackFideId "14119846"]
[WhiteElo "2403"]
[BlackElo "2404"]
[Result "1-0"]
[Round "4"]
[TimeControl "180+2"]
[Date "2023.06.06"]
[WhiteClock "0:01:37"]
[BlackClock "0:02:37"]
[Board "108"]

1. e4 e5 2. d4 exd4 3. Qxd4 Nc6 4. Qe3 g6 5. Nc3 Bg7 6. h4 h5 7. Bd2 Nge7 8. O-O-O O-O 9. g4 hxg4 10. h5 d5 11. hxg6 d4 12. gxf7+ Rxf7 13. Qg3 dxc3 14. Bxc3 Qf8 15. Bc4 Ng6 16. Qh2 1-0


[Site "https://www.chess.com"]

[Event "Titled Tuesday Blitz June 6 Early 2023"]
[White "Lacasa Diaz, Jose Antonio"]
[Black "Streltsov, Alexey"]
[WhiteFideId "2203375"]
[BlackFideId "24104434"]
[WhiteElo "2338"]
[BlackElo "2540"]
[Result "0-1"]
[Round "4"]
[TimeControl "180+2"]
[Date "2023.06.06"]
[WhiteClock "0:00:26"]
[BlackClock "0:00:50"]
[Board "109"]

1. b3 a5 2. c4 a4 3. bxa4 d6 4. Nc3 Nd7 5. Nf3 Nb6 6. d3 Bd7 7. g3 Nxa4 8. Nxa4 Bxa4 9. Qd2 g6 10. Bb2 Nf6 11. Bg2 Bc6 12. O-O Bg7 13. e4 O-O 14. Nd4 Bd7 15. f4 c5 16. Nf3 Bc6 17. Ne1 Qb6 18. Bc3 Nd7 19. Bxg7 Kxg7 20. Qc3+ e5 21. Bh3 f6 22. Be6 Qa5 23. Qxa5 Rxa5 24. Bxd7 Bxd7 25. Rf2 Ra3 26. Rb2 Bc6 27. Rd1 f5 28. exf5 Rxf5 29. Nc2 Rc3 30. Ne3 Rf7 31. fxe5 dxe5 32. Rf2 e4 33. Ng4 Rxf2 34. Nxf2 e3 35. Ng4 Bf3 0-1


[Site "https://www.chess.com"]

[Event "Titled Tuesday Blitz June 6 Early 2023"]
[White "Sharan, Rao"]
[Black "Rosenberg, Evan S"]
[WhiteFideId "5073464"]
[BlackFideId "2019299"]
[WhiteElo "2149"]
[BlackElo "2344"]
[Result "1-0"]
[Round "4"]
[TimeControl "180+2"]
[Date "2023.06.06"]
[WhiteClock "0:00:09"]
[BlackClock "0:00:47"]
[Board "110"]

1. d4 d5 2. Nc3 Nf6 3. Bf4 a6 4. e3 e6 5. g4 Bb4 6. Bd3 b5 7. Ne2 Nxg4 8. Rg1 Qh4 9. Bg3 Qh5 10. Nf4 Qg5 11. h4 Nxe3 12. hxg5 Nxd1 13. Rxd1 Nd7 14. Nh5 g6 15. Nf6+ Nxf6 16. gxf6 c5 17. Bd6 Bxc3+ 18. bxc3 c4 19. Be2 Kd7 20. Be5 Rg8 21. Rh1 h5 22. Kd2 Kc6 23. Rdg1 Bd7 24. Rg5 Ra7 25. Rhg1 Raa8 26. Bxh5 Rh8 27. Bf3 Rh3 28. R5g3 Rh2 29. Ke2 Rah8 30. R3g2 R2h7 31. Rb1 a5 32. Rgg1 Kb6 33. Rh1 Kc6 34. Rxh7 Rxh7 35. Rh1 Rxh1 36. Bxh1 b4 37. Kd2 Kb5 38. Bd6 Ka4 39. Bf3 Ka3 40. cxb4 a4 41. b5+ Kxa2 42. b6 Bc6 43. Bg4 e5 44. dxe5 d4 45. e6 Be4 46. exf7 c3+ 47. Kc1 1-0


[Site "https://www.chess.com"]

[Event "Titled Tuesday Blitz June 6 Early 2023"]
[White "Sharapov, Evgeny"]
[Black "Napoli, Nicolo"]
[WhiteFideId "14103133"]
[BlackFideId "813702"]
[WhiteElo "2367"]
[BlackElo "2308"]
[Result "1-0"]
[Round "4"]
[TimeControl "180+2"]
[Date "2023.06.06"]
[WhiteClock "0:02:48"]
[BlackClock "0:02:06"]
[Board "111"]

1. e4 c6 2. d4 d5 3. e5 c5 4. Nf3 Nc6 5. c4 Bg4 6. cxd5 Qxd5 7. Nc3 Qe6 8. d5 Qf5 9. dxc6 Bxf3 10. Qxf3 Qxe5+ 11. Be2 Nf6 12. cxb7 Rb8 1-0


[Site "https://www.chess.com"]

[Event "Titled Tuesday Blitz June 6 Early 2023"]
[White "Devaev, Alexander"]
[Black "Rosh Jain"]
[WhiteFideId "4169395"]
[BlackFideId "25789465"]
[WhiteElo "2172"]
[BlackElo "2233"]
[Result "0-1"]
[Round "4"]
[TimeControl "180+2"]
[Date "2023.06.06"]
[WhiteClock "0:00:36"]
[BlackClock "0:00:34"]
[Board "112"]

1. Nf3 d5 2. c4 d4 3. d3 c5 4. e3 Nc6 5. Be2 e5 6. e4 Nf6 7. Nbd2 g6 8. Nf1 Bg7 9. h3 Be6 10. Ng5 Bd7 11. Ng3 h6 12. Nf3 O-O 13. Nh2 Be6 14. Ng4 Nxg4 15. hxg4 Qa5+ 16. Bd2 Qb6 17. Qc1 g5 18. Bd1 Nb4 19. Be2 f6 20. a3 Nc6 21. Bf3 Na5 22. Bxa5 Qxa5+ 23. b4 cxb4 24. Qd2 b5 25. c5 Qc7 26. axb4 a5 27. bxa5 Qxc5 28. O-O b4 29. Rfb1 b3 30. Bd1 Rfb8 31. Nf5 Qc3 32. Rb2 Qxd2 33. Rxd2 b2 34. Rb1 Rxa5 35. Ne7+ Kf7 36. Nc6 Ra1 37. Bc2 Rc8 38. Rdd1 Rxc6 39. Rxa1 bxa1=Q 40. Rxa1 Rxc2 0-1


[Site "https://www.chess.com"]

[Event "Titled Tuesday Blitz June 6 Early 2023"]
[White "Chemin, Justo Reinaldo"]
[Black "Baches Garcia, Guillermo"]
[WhiteFideId "2101580"]
[BlackFideId "2209764"]
[WhiteElo "1940"]
[BlackElo "2513"]
[Result "0-1"]
[Round "4"]
[TimeControl "180+2"]
[Date "2023.06.06"]
[WhiteClock "0:00:02"]
[BlackClock "0:00:23"]
[Board "113"]

1. d4 d5 2. Nf3 e6 3. e3 Nf6 4. Bd3 c5 5. b3 Nbd7 6. Bb2 Qc7 7. Nbd2 Bd6 8. a3 b6 9. Qe2 e5 10. dxe5 Nxe5 11. O-O Nxd3 12. Bxf6 gxf6 13. Qxd3 Be6 14. e4 O-O-O 15. exd5 Bxd5 16. Qf5+ Kb8 17. Qxf6 Rhg8 18. Qh4 Rg6 19. g3 Rdg8 20. Kg2 Rg4 21. Qxh7 Bxg3 22. fxg3 Rxg3+ 23. Kf2 Rg2+ 24. Ke1 Qe7+ 25. Kd1 Bxf3+ 0-1


[Site "https://www.chess.com"]

[Event "Titled Tuesday Blitz June 6 Early 2023"]
[White "MunichMouse"]
[Black "Fier, Alexandr"]
[BlackFideId "2107139"]
[WhiteElo "2275"]
[BlackElo "2610"]
[Result "0-1"]
[Round "4"]
[TimeControl "180+2"]
[Date "2023.06.06"]
[WhiteClock "0:00:20"]
[BlackClock "0:02:01"]
[Board "114"]

1. d4 Nf6 2. c4 c5 3. Nf3 cxd4 4. Nxd4 Nc6 5. Nxc6 bxc6 6. g3 g6 7. Bg2 Bg7 8. O-O O-O 9. Nc3 Rb8 10. Qc2 Qa5 11. Rd1 Ng4 12. Na4 d6 13. h3 Nf6 14. c5 Bf5 15. e4 Be6 16. Bf4 Rb4 17. b3 d5 18. Bd2 Nxe4 19. Bxb4 Qxb4 20. Bxe4 dxe4 21. Rac1 Bxh3 22. Qd2 Qb7 23. Qf4 f5 24. Rc2 Bg4 25. Rdd2 e5 26. Qg5 Bf6 27. Qh6 Qe7 28. Rd6 Bg5 29. Qh2 e3 30. Nc3 e4 31. Qg2 Bf3 32. Qf1 exf2+ 33. Qxf2 f4 34. Ne2 fxg3 35. Qxg3 Be3+ 36. Kh2 Bxe2 37. Qxe3 Qh4+ 38. Kg2 Bf3+ 39. Kg1 Qh1+ 0-1


[Site "https://www.chess.com"]

[Event "Titled Tuesday Blitz June 6 Early 2023"]
[White "Yeritsyan, Hayk"]
[Black "Ibadov, Dashgyn"]
[WhiteFideId "13307320"]
[BlackFideId "24107514"]
[WhiteElo "2419"]
[BlackElo "2208"]
[Result "1-0"]
[Round "4"]
[TimeControl "180+2"]
[Date "2023.06.06"]
[WhiteClock "0:00:13"]
[BlackClock "0:00:03"]
[Board "116"]

1. Nf3 d5 2. c4 d4 3. g3 c5 4. Bg2 Nc6 5. O-O e5 6. e3 Nf6 7. exd4 cxd4 8. d3 Bd6 9. a3 a5 10. Nbd2 O-O 11. Ng5 h6 12. Nge4 Bc7 13. Rb1 Bf5 14. b4 axb4 15. axb4 Qe7 16. b5 Nd8 17. Re1 Kh8 18. c5 Nxe4 19. dxe4 Bd7 20. c6 bxc6 21. b6 Bd6 22. Nc4 Bc5 23. Bd2 Rb8 24. Qa4 Nb7 25. Rec1 Ra8 26. Qd1 Rfb8 27. f4 exf4 28. Bxf4 Rc8 29. Ne5 Be8 30. Nd3 Ba3 31. Rc2 c5 32. Rc4 Bc6 33. Ne5 Be8 34. Qg4 Bb4 35. Rbxb4 Ra1+ 36. Bf1 Rca8 37. Rb2 Re1 38. Re2 Rd1 39. Rf2 Raa1 40. Qc8 Nd6 41. Qxc5 Bb5 42. Qxd6 Qxd6 43. Nxf7+ Kh7 44. Nxd6 Bxc4 45. Nxc4 Rab1 46. Kg2 d3 47. Ne3 Re1 48. Bxd3 Rb3 49. e5+ Kh8 50. Rd2 Rxb6 51. Bf5 Rb8 52. e6 Re8 53. Nc4 Kg8 54. h4 g5 55. hxg5 hxg5 56. Bxg5 Rc1 57. Rd4 Rc3 58. Kh3 Kg7 59. Rg4 Rh8+ 60. Bh4+ Kf8 61. Nd6 Rc6 62. e7# 1-0


[Site "https://www.chess.com"]

[Event "Titled Tuesday Blitz June 6 Early 2023"]
[White "Tristan, Leonardo"]
[Black "Mazurkiewicz, Michal"]
[WhiteFideId "113816"]
[BlackFideId "1124943"]
[WhiteElo "2461"]
[BlackElo "2063"]
[Result "1-0"]
[Round "4"]
[TimeControl "180+2"]
[Date "2023.06.06"]
[WhiteClock "0:00:31"]
[BlackClock "0:00:03"]
[Board "117"]

1. d4 Nf6 2. Nf3 g6 3. Bf4 Bg7 4. e3 O-O 5. Be2 d6 6. O-O Re8 7. h3 Nc6 8. Bh2 Nd7 9. e4 e5 10. c3 Qe7 11. Re1 f5 12. exf5 gxf5 13. dxe5 dxe5 14. Bf1 Kh8 15. Na3 e4 16. Bxc7 Nde5 17. Bxe5 Nxe5 18. Nxe5 Qxe5 19. Nc4 Qc7 20. Qd6 Qf7 21. Qf4 Qg6 22. Rad1 Be6 23. Rd6 Qf7 24. Ne5 Qc7 25. Rxe6 Bxe5 26. Rxe8+ Rxe8 27. Qxf5 Qb6 28. Rxe4 Qd6 29. Rh4 Qe7 30. Rh5 Bd6 31. Rh6 Rf8 32. Qd3 Bc5 33. Rh5 Bxf2+ 34. Kh1 Bb6 35. Rf5 Rxf5 36. Qxf5 Qe3 37. Qf8# 1-0


[Site "https://www.chess.com"]

[Event "Titled Tuesday Blitz June 6 Early 2023"]
[White "Marcziter, Dmitrii"]
[Black "Matinian, Nikita"]
[WhiteFideId "13900765"]
[BlackFideId "24129100"]
[WhiteElo "2162"]
[BlackElo "2422"]
[Result "0-1"]
[Round "4"]
[TimeControl "180+2"]
[Date "2023.06.06"]
[WhiteClock "0:00:16"]
[BlackClock "0:00:15"]
[Board "118"]

1. d4 g6 2. c4 Bg7 3. Nf3 d6 4. Nc3 e5 5. Bg5 f6 6. Bc1 Ne7 7. e4 O-O 8. Be2 Bg4 9. h3 Bxf3 10. Bxf3 Nbc6 11. d5 Nd4 12. O-O c5 13. dxc6 bxc6 14. Be3 c5 15. Be2 Rb8 16. b3 f5 17. f4 fxe4 18. Nxe4 Nef5 19. Bxd4 exd4 20. Qd3 Qe7 21. Bf3 Rbe8 22. Ng5 Ne3 23. Bd5+ Kh8 24. Ne6 Rf6 25. Nxg7 Kxg7 26. Rf3 h5 27. Re1 h4 28. Re2 Qf8 29. Ref2 Nxd5 30. cxd5 Re1+ 31. Kh2 Qe7 32. Qb5 Rf5 33. Qc6 Rd1 34. b4 d3 35. bxc5 d2 36. Rf1 Qe1 37. cxd6 Rc1 38. Qb7+ Rf7 39. Qb2+ Kh7 40. d7 Rxd7 41. Qf6 d1=Q 42. f5 Qg3+ 43. Kg1 Qxf1+ 44. Rxf1 Qe3+ 45. Kh2 Qg3+ 46. Kg1 Rxf1+ 47. Kxf1 Qd3+ 48. Kg1 Qxf5 49. Qxh4+ Kg7 50. Qd4+ Kf7 51. Qc4 Qxd5 52. Qf4+ Qf5 53. Qc4+ Kg7 54. Qc3+ Qf6 55. Qg3 Qb6+ 56. Kh2 Qd6 57. Qxd6 Rxd6 58. h4 Ra6 59. a4 Rxa4 60. g3 Kh6 61. Kh3 Kh5 62. Kg2 Kg4 63. h5 Ra2+ 64. Kf1 gxh5 65. Ke1 Kxg3 66. Kd1 Rf2 67. Kc1 h4 68. Kb1 h3 69. Ka1 h2 0-1


[Site "https://www.chess.com"]

[Event "Titled Tuesday Blitz June 6 Early 2023"]
[White "Mogirzan, Matei-Valeriu"]
[Black "De La Colina, Nicolas"]
[WhiteFideId "1257455"]
[BlackFideId "30946921"]
[WhiteElo "1733"]
[BlackElo "2046"]
[Result "0-1"]
[Round "4"]
[TimeControl "180+2"]
[Date "2023.06.06"]
[WhiteClock "0:00:03"]
[BlackClock "0:00:52"]
[Board "119"]

1. e4 c5 2. Nf3 Nc6 3. d4 cxd4 4. c3 Qb6 5. cxd4 d6 6. Nc3 Nf6 7. e5 dxe5 8. dxe5 Ng4 9. Qe2 Bf5 10. h3 Nh6 11. Be3 Qa5 12. O-O-O e6 13. Qb5 Qc7 14. g4 Bg6 15. Nd4 Be7 16. f4 O-O 17. f5 Nxd4 18. Rxd4 exf5 19. Rd7 Qc8 20. Rxe7 fxg4 21. Qxb7 Nf5 22. Rc7 Qxb7 23. Rxb7 Nxe3 24. hxg4 Nxg4 25. Nd5 Nxe5 26. Ne7+ Kh8 27. Rg1 Rfe8 28. Nxg6+ hxg6 29. Bg2 Rac8+ 30. Kb1 a5 31. Rb5 Nc4 32. Bf3 Nd2+ 33. Ka1 Nxf3 34. Rh1+ Kg8 35. Rxa5 Re1+ 36. Rxe1 Nxe1 37. Re5 0-1


[Site "https://www.chess.com"]

[Event "Titled Tuesday Blitz June 6 Early 2023"]
[White "Veiga, Jose Francisco R P Neves"]
[Black "Manukian, Artak"]
[WhiteFideId "1930087"]
[BlackFideId "13301373"]
[WhiteElo "2319"]
[BlackElo "2130"]
[Result "1-0"]
[Round "4"]
[TimeControl "180+2"]
[Date "2023.06.06"]
[WhiteClock "0:00:23"]
[BlackClock "0:00:05"]
[Board "120"]

1. c4 Nf6 2. Nc3 g6 3. e4 d6 4. g3 Bg7 5. Bg2 O-O 6. Nge2 c5 7. O-O Nc6 8. d4 cxd4 9. Nxd4 Bd7 10. Nc2 Rc8 11. b3 Nxe4 12. Nxe4 Bxa1 13. Nxa1 Bf5 14. Bh6 Re8 15. Nc2 Qd7 16. Ne3 Bh3 17. Nd5 Bxg2 18. Kxg2 Qf5 19. Qf3 Qxf3+ 20. Kxf3 f5 21. Nec3 a6 22. Kg2 Kf7 23. Bg5 e5 24. Rd1 Nd4 25. Be3 Ne6 26. Nb6 Rc6 27. a4 f4 28. gxf4 exf4 29. Nbd5 fxe3 30. fxe3 Nc5 31. Rf1+ Kg7 32. Rb1 Ne4 33. Nxe4 Rxe4 34. Rf1 Re8 35. Rf4 Rcc8 36. Rd4 Rcd8 37. Kf3 Rf8+ 38. Ke2 g5 39. h4 h6 40. hxg5 hxg5 41. a5 Kg6 42. b4 Rh8 43. Kd3 Rh4 44. e4 Rf8 45. Ne7+ Kh5 46. Nf5 Rxf5 47. exf5 Rxd4+ 48. Kxd4 g4 49. Kd5 g3 50. f6 Kg6 51. Ke6 g2 52. f7 g1=Q 53. f8=Q Qe3+ 54. Kd7 1-0


[Site "https://www.chess.com"]